Anaheim Ducks vs Winnipeg Jets
Created - Sunday, February 8, 2026 at 09:19
Goals
|
| Anaheim Ducks |
0 |
2 |
0 |
0 |
2 |
3 |
| Winnipeg Jets |
0 |
2 |
0 |
0 |
1 |
2 |
|
Shots
|
| Anaheim Ducks |
8 |
12 |
14 |
4 |
3 |
38 |
| Winnipeg Jets |
9 |
14 |
9 |
1 |
3 |
33 |
|
1st period
No Goal
Penalties :
Connor Bedard (WPG) for Slashing (Minor) at 9:43
2nd period
1. Anaheim Ducks , J.T. Compher 3 (Brayden Schenn 7, Morgan Rielly 9) at 6:07
2. Winnipeg Jets , Jason Zucker 6 (Ridly Greig 10, Nate Schmidt 1) at 9:11
3. Anaheim Ducks , Chandler Stephenson 5 (J.T. Compher 5) at 14:29 (SH)
4. Winnipeg Jets , Ridly Greig 8 (Jonas Brodin 7) at 17:13
Penalties :
William Nylander (ANH) for Tripping (Minor) at 14:11
3rd period
No Goal
Penalties :
Mason Marchment (ANH) for Tripping (Minor) at 0:22, Taylor Hall (WPG) for Roughing (Minor) at 4:13, Luke Evangelista (ANH) for Roughing (Minor) at 10:34
Overtime #1
No Goal
Penalties :
No Penalty
Shootout
Anaheim Ducks, Chandler Stephenson - Goal!
Winnipeg Jets, Joel Armia - Stopped by Linus Ullmark
Anaheim Ducks, Mark Scheifele - Goal!
Winnipeg Jets, Connor Bedard - Goal!
Anaheim Ducks, Brayden Schenn - Shot Misses the Net
Winnipeg Jets, Adam Lowry - Stopped by Linus Ullmark
Penalties :
No Penalty
Goalie Stats
Linus Ullmark (ANH), 31 saves from 33 shots - (0.939), W, 8-4-1, 65:00 minutes
Dustin Wolf (WPG), 36 saves from 38 shots - (0.947), OTL, 5-2-4, 65:00 minutes
Players Stats for Anaheim Ducks
Player Name G A P +/- PIM S H SB GA TA FO MP PP MP PK MP
------------------------------------------------------------------------------------
Alex Killorn 0 0 0 1 0 2 1 3 0 0 1/2 11:25 0:00 1:06
Brayden Schenn 0 1 1 0 0 2 3 1 0 0 3/4 16:01 2:06 2:02
Brenden Dillon 0 0 0 -2 0 1 2 7 0 0 0/0 20:58 0:00 2:26
Chandler Stephenson 1 0 1 0 0 4 0 0 0 0 6/6 18:42 0:00 3:30
Esa Lindell 0 0 0 2 0 2 1 0 0 1 0/0 24:19 0:00 3:31
Ivan Provorov 0 0 0 1 0 2 0 0 0 0 0/0 23:57 1:45 3:31
J.T. Compher 1 1 2 1 0 2 0 0 0 1 5/9 15:25 0:00 3:30
John Tavares 0 0 0 0 0 3 3 1 0 0 10/18 19:56 1:52 0:38
Joshua Morrissey 0 0 0 0 0 1 1 0 0 1 0/0 17:24 2:13 0:00
Luke Evangelista 0 0 0 0 2 1 0 0 0 0 0/1 8:06 0:00 0:00
Mark Scheifele 0 0 0 -1 0 4 1 0 1 0 15/20 20:06 2:06 0:00
Mason Marchment 0 0 0 -1 2 3 0 2 0 0 1/1 17:38 2:06 0:00
Morgan Rielly 0 1 1 1 0 2 0 1 0 1 0/0 22:12 2:13 0:00
Nazem Kadri 0 0 0 0 0 6 3 0 0 0 0/0 20:01 1:52 1:08
Parker Kelly 0 0 0 0 0 0 4 0 0 0 1/5 8:01 0:00 0:00
Philip Broberg 0 0 0 -2 0 0 1 4 0 2 0/0 21:10 1:45 2:26
Will Cuylle 0 0 0 0 0 2 1 0 1 0 0/0 8:01 0:00 0:00
William Nylander 0 0 0 -1 2 1 3 1 2 0 0/1 20:38 1:52 0:00
Players Stats for Winnipeg Jets
Player Name G A P +/- PIM S H SB GA TA FO MP PP MP PK MP
------------------------------------------------------------------------------------
Adam Lowry 0 0 0 -1 0 4 1 0 0 0 5/20 21:25 2:56 1:30
Alexander Kerfoot 0 0 0 -1 0 3 2 1 0 0 1/2 18:20 2:56 0:22
Alexis Lafreniere 0 0 0 0 0 2 3 0 1 0 0/1 14:05 0:03 0:54
Connor Bedard 0 0 0 1 2 1 0 1 1 1 1/1 20:21 2:58 0:57
Dylan Samberg 0 0 0 1 0 1 1 3 1 1 0/0 28:20 2:52 2:08
Haydn Fleury 0 0 0 -1 0 0 2 1 1 1 0/0 22:57 3:05 1:50
Jason Zucker 1 0 1 1 0 3 3 0 0 1 6/17 16:40 2:58 0:00
Joel Armia 0 0 0 0 0 3 0 0 0 0 0/1 14:14 0:00 1:40
Jonas Brodin 0 1 1 1 0 2 4 0 0 0 0/0 28:20 2:52 2:08
Matvei Michkov 0 0 0 0 0 1 0 0 0 0 1/3 11:58 0:03 0:00
Michael Kesselring 0 0 0 0 0 0 1 0 0 0 0/0 13:43 0:00 0:00
Nate Schmidt 0 1 1 -1 0 2 2 3 0 0 0/0 22:57 3:05 1:50
Nino Niederreiter 0 0 0 0 0 2 0 0 0 0 0/0 8:48 0:00 0:00
Ridly Greig 1 1 2 1 0 2 3 0 0 0 0/0 19:56 2:58 1:30
Sam Steel 0 0 0 0 0 2 1 0 0 0 2/4 9:07 0:03 0:00
Sean Durzi 0 0 0 0 0 1 0 0 1 0 0/0 13:43 0:00 0:00
Taylor Hall 0 0 0 -1 2 1 1 0 1 0 2/7 19:00 2:56 1:03
Vladislav Namestnikov 0 0 0 0 0 3 0 0 0 0 7/11 12:06 0:00 0:00
3 Stars
1 - Ridly Greig (WPG)
2 - J.T. Compher (ANH)
3 - Dustin Wolf (WPG)
Power Play
Anaheim Ducks - 0 on 2 Attempt(s) - 0.00%
Winnipeg Jets - 0 on 3 Attempt(s) - 0.00%
Penalty Kill
Anaheim Ducks - 3 on 3 Attempt(s) - 100.00%
- Score 1 goal in Penalty Kill
Winnipeg Jets - 2 on 2 Attempt(s) - 100.00%
- Score 0 goal in Penalty Kill
Team Stat
Anaheim Ducks - Hits : 24 - Faceoff Wins : 42 - Blocked Shots : 20 - Penalty Minutes : 6
Winnipeg Jets - Hits : 24 - Faceoff Wins : 25 - Blocked Shots : 9 - Penalty Minutes : 4
Official
Referees : Michael Markovic and Tj Luxmore
Linesman : Dan Kelly and Andrew Smith
Game Notes
No Game Note
Finance
Level 1 -- Attendance: 6000 (100.00%) -- Ticket Income $552,000
Level 2 -- Attendance: 4376 (87.52%) -- Ticket Income $240,680
Level 3 -- Attendance: 2718 (90.60%) -- Ticket Income $81,540
Level 4 -- Attendance: 4921 (98.42%) -- Ticket Income $108,262
Luxury Box -- Attendance: 922 (92.20%) -- Ticket Income $175,180
Game was played at the MTS Centre.
Total Attendance: 18937 (94.69%)
Total Ticket Income: $1,157,662
Other Income: $405,182
Total Income: $1,562,844
Anaheim Ducks
5 vs 5 Forward
Center Left Wing Right Wing Time % Phy DF OF
1 John Tavares Nazem Kadri William Nylander 35 1 2 2
2 Mark Scheifele Chandler Stephenson Mason Marchment 35 1 2 2
3 J.T. Compher Alex Killorn Brayden Schenn 20 1 2 2
4 Parker Kelly Will Cuylle Luke Evangelista 10 1 1 3
5 vs 5 Defense
Defense Defense Time % Phy DF OF
1 Esa Lindell Morgan Rielly 37 1 2 2
2 Joshua Morrissey Ivan Provorov 33 1 2 2
3 Philip Broberg Brenden Dillon 30 1 2 2
4 Esa Lindell Ivan Provorov 0 1 2 2
PowerPlay Forward
Center Left Wing Right Wing Time % Phy DF OF
1 John Tavares Nazem Kadri William Nylander 50 1 0 4
2 Mark Scheifele Mason Marchment Brayden Schenn 50 1 0 4
PowerPlay Defense
Defense Defense Time % Phy DF OF
1 Joshua Morrissey Morgan Rielly 60 1 1 3
2 Ivan Provorov Philip Broberg 40 1 2 2
Penalty Kill 4 Players Forward
Center Wing Time % Phy DF OF
1 Chandler Stephenson J.T. Compher 60 1 3 1
2 Brayden Schenn Alex Killorn 40 1 3 1
Penalty Kill 4 Players Defense
Defense Defense Time % Phy DF OF
1 Esa Lindell Ivan Provorov 60 1 4 0
2 Brenden Dillon Philip Broberg 40 1 4 0
Penalty Kill - 3 Players Forward
Forward Time % Phy DF OF
1 Chandler Stephenson 55 1 4 0
2 J.T. Compher 45 1 4 0
Penalty Kill - 3 Players Defense
Defense Defense Time % Phy DF OF
1 Esa Lindell Ivan Provorov 60 1 4 0
2 Brenden Dillon Philip Broberg 40 1 4 0
4 vs 4 Forward
Center Wing Time % Phy DF OF
1 John Tavares William Nylander 50 1 1 3
2 Mark Scheifele Nazem Kadri 50 1 1 3
4 vs 4 Defense
Defense Defense Time % Phy DF OF
1 Esa Lindell Morgan Rielly 60 1 2 2
2 Brenden Dillon Ivan Provorov 40 1 2 2
Last Minutes Offensive
Center Left Wing Right Wing Defense Defense
John Tavares Nazem Kadri William Nylander Joshua Morrissey Morgan Rielly
Last Minutes Defensive
Center Left Wing Right Wing Defense Defense
Chandler Stephenson Alex Killorn J.T. Compher Ivan Provorov Esa Lindell
Goaltenders
Starting : Linus Ullmark
Backup : Alexandar Georgiev
Extra Forwards
Normal : William Nylander, John Tavares, Mark Scheifele - PP : William Nylander, Mark Scheifele - PK : Chandler Stephenson
Extra Defensemen
Normal : Esa Lindell, Ivan Provorov, Morgan Rielly - PP : Morgan Rielly - PK : Esa Lindell, Ivan Provorov
Penalty Shots
Chandler Stephenson, Mark Scheifele, Brayden Schenn, Alex Killorn, William Nylander
Scratches
None
Winnipeg Jets
5 vs 5 Forward
Center Left Wing Right Wing Time % Phy DF OF
1 Jason Zucker Connor Bedard Ridly Greig 30 1 2 2
2 Adam Lowry Taylor Hall Alexander Kerfoot 30 1 2 2
3 Vladislav Namestnikov Alexis Lafreniere Joel Armia 25 1 2 2
4 Sam Steel Matvei Michkov Nino Niederreiter 15 1 2 2
5 vs 5 Defense
Defense Defense Time % Phy DF OF
1 Dylan Samberg Jonas Brodin 30 1 2 2
2 Nate Schmidt Haydn Fleury 30 1 2 2
3 Sean Durzi Michael Kesselring 25 1 2 2
4 Dylan Samberg Jonas Brodin 15 1 2 2
PowerPlay Forward
Center Left Wing Right Wing Time % Phy DF OF
1 Jason Zucker Connor Bedard Ridly Greig 50 1 2 2
2 Adam Lowry Taylor Hall Alexander Kerfoot 50 1 2 2
PowerPlay Defense
Defense Defense Time % Phy DF OF
1 Dylan Samberg Jonas Brodin 50 1 2 2
2 Nate Schmidt Haydn Fleury 50 1 2 2
Penalty Kill 4 Players Forward
Center Wing Time % Phy DF OF
1 Taylor Hall Connor Bedard 50 1 2 2
2 Adam Lowry Ridly Greig 50 1 2 2
Penalty Kill 4 Players Defense
Defense Defense Time % Phy DF OF
1 Dylan Samberg Jonas Brodin 50 1 2 2
2 Nate Schmidt Haydn Fleury 50 1 2 2
Penalty Kill - 3 Players Forward
Forward Time % Phy DF OF
1 Ridly Greig 50 1 2 2
2 Connor Bedard 50 1 2 2
Penalty Kill - 3 Players Defense
Defense Defense Time % Phy DF OF
1 Dylan Samberg Jonas Brodin 50 1 2 2
2 Nate Schmidt Haydn Fleury 50 1 2 2
4 vs 4 Forward
Center Wing Time % Phy DF OF
1 Matvei Michkov Connor Bedard 50 1 2 2
2 Adam Lowry Ridly Greig 50 1 2 2
4 vs 4 Defense
Defense Defense Time % Phy DF OF
1 Dylan Samberg Jonas Brodin 50 1 2 2
2 Nate Schmidt Haydn Fleury 50 1 2 2
Last Minutes Offensive
Center Left Wing Right Wing Defense Defense
Jason Zucker Connor Bedard Ridly Greig Dylan Samberg Jonas Brodin
Last Minutes Defensive
Center Left Wing Right Wing Defense Defense
Jason Zucker Connor Bedard Ridly Greig Dylan Samberg Jonas Brodin
Goaltenders
Starting : Dustin Wolf
Backup : Yaroslav Askarov
Extra Forwards
Normal : Matvei Michkov, Alexis Lafreniere, Joel Armia - PP : Matvei Michkov, Alexis Lafreniere - PK : Joel Armia
Extra Defensemen
Normal : Dylan Samberg, Michael Kesselring, Nate Schmidt - PP : Jonas Brodin - PK : Michael Kesselring, Nate Schmidt
Penalty Shots
Joel Armia, Connor Bedard, Adam Lowry, Ridly Greig, Taylor Hall
Scratches
Erik Brannstrom (Healthy), Mikael Backlund (Healthy), Barclay Goodrow (Healthy), Derek Forbort (Healthy)
% Time on Ice - Anaheim Ducks
Lines # - Real PCT - Wanted PCT - Time Play
Normal Forward
1 - 33% - 35% - 16:34
2 - 31% - 35% - 15:28
3 - 20% - 20% - 10:02
4 - 16% - 10% - 8:01
Normal Defense
1 - 36% - 37% - 17:55
2 - 34% - 33% - 16:48
3 - 31% - 30% - 15:22
4 - 0% - 0% - 0:00
PP Forward
1 - 47% - 50% - 1:52
2 - 53% - 50% - 2:06
PP Defense
1 - 56% - 60% - 2:13
2 - 44% - 40% - 1:45
PK Forward
1 - 82% - 60% - 4:51
2 - 18% - 40% - 1:06
PK Defense
1 - 59% - 60% - 3:31
2 - 41% - 40% - 2:26
PK3 Forward
1 - 0% - 55%
2 - 0% - 45%
PK3 Defense
1 - 0% - 60%
2 - 0% - 40%
44 Forward
1 - 50% - 50% - 2:29
2 - 50% - 50% - 2:31
44 Defense
1 - 61% - 60% - 3:02
2 - 39% - 40% - 1:58
Last Minute Offensive - 0:00
Last Minute Defensive - 0:00
Total
Forward - 65:00
Defense - 65:00
|
% Time on Ice - Winnipeg Jets
Lines # - Real PCT - Wanted PCT - Time Play
Normal Forward
1 - 27% - 30% - 13:31
2 - 31% - 30% - 15:40
3 - 24% - 25% - 12:06
4 - 18% - 15% - 8:48
Normal Defense
1 - 29% - 30% - 14:40
2 - 32% - 30% - 15:57
3 - 27% - 25% - 13:43
4 - 11% - 15% - 5:45
PP Forward
1 - 50% - 50% - 2:58
2 - 50% - 50% - 2:59
PP Defense
1 - 48% - 50% - 2:52
2 - 52% - 50% - 3:05
PK Forward
1 - 62% - 50% - 2:28
2 - 38% - 50% - 1:30
PK Defense
1 - 54% - 50% - 2:08
2 - 46% - 50% - 1:50
PK3 Forward
1 - 0% - 50%
2 - 0% - 50%
PK3 Defense
1 - 0% - 50%
2 - 0% - 50%
44 Forward
1 - 51% - 50% - 2:32
2 - 49% - 50% - 2:28
44 Defense
1 - 58% - 50% - 2:55
2 - 42% - 50% - 2:05
Last Minute Offensive - 0:00
Last Minute Defensive - 0:00
Total
Forward - 65:00
Defense - 65:00
|
Play-by-Play
1st period
0:01 of 1st period - John Tavares wins face-off versus Jason Zucker in neutral zone.
0:26 of 1st period - Morgan Rielly is hit by Jonas Brodin and loses puck.
1:07 of 1st period - Wrist shot by Chandler Stephenson.
1:07 of 1st period - Shot Blocked by Nate Schmidt.
1:15 of 1st period - Wrist shot by Mark Scheifele.
1:15 of 1st period - Deflect By Matvei Michkov.
1:15 of 1st period - Stopped by Dustin Wolf without a rebound.
1:16 of 1st period - Vladislav Namestnikov wins face-off versus J.T. Compher in Winnipeg Jets zone.
1:21 of 1st period - Wrist shot by Vladislav Namestnikov.
1:21 of 1st period - Shot Blocked by Brenden Dillon.
1:23 of 1st period - Snap shot by Alexis Lafreniere.
1:23 of 1st period - Shot Blocked by Philip Broberg.
1:25 of 1st period - Wrist shot by Joel Armia.
1:25 of 1st period - Stopped by Linus Ullmark without a rebound.
1:26 of 1st period - Vladislav Namestnikov wins face-off versus Alex Killorn in Anaheim Ducks zone.
1:31 of 1st period - Wrist shot by Vladislav Namestnikov.
1:31 of 1st period - Shot Blocked by Brayden Schenn.
1:33 of 1st period - Slapshot by Sean Durzi.
1:33 of 1st period - Stopped by Linus Ullmark without a rebound.
1:34 of 1st period - John Tavares wins face-off versus Adam Lowry in Anaheim Ducks zone.
2:09 of 1st period - Luke Evangelista is hit by Ridly Greig and loses puck.
3:23 of 1st period - Wrist shot by Brayden Schenn.
3:23 of 1st period - Shot Blocked by Nate Schmidt.
3:29 of 1st period - Brenden Dillon is hit by Jason Zucker and loses puck.
3:54 of 1st period - Wrist shot by Mason Marchment.
3:54 of 1st period - Stopped by Dustin Wolf with a rebound.
4:26 of 1st period - Wrist shot by Will Cuylle.
4:26 of 1st period - Stopped by Dustin Wolf without a rebound.
4:27 of 1st period - Brayden Schenn wins face-off versus Adam Lowry in Winnipeg Jets zone.
4:54 of 1st period - Jason Zucker is hit by John Tavares and loses puck.
5:19 of 1st period - Wrist shot by Jason Zucker.
5:19 of 1st period - Deflect By Joel Armia.
5:19 of 1st period - Stopped by Linus Ullmark without a rebound.
5:20 of 1st period - Mark Scheifele wins face-off versus Vladislav Namestnikov in Anaheim Ducks zone.
5:52 of 1st period - Backhand shot by Vladislav Namestnikov.
5:52 of 1st period - Stopped by Linus Ullmark with a rebound.
5:59 of 1st period - Off-side.
6:00 of 1st period - John Tavares wins face-off versus Jason Zucker in neutral zone.
6:29 of 1st period - Jonas Brodin is hit by Parker Kelly and loses puck.
7:06 of 1st period - Chandler Stephenson is hit by Haydn Fleury and loses puck.
7:47 of 1st period - Brenden Dillon is hit by Taylor Hall.
8:13 of 1st period - Slapshot by Nino Niederreiter.
8:13 of 1st period - Stopped by Linus Ullmark with a rebound.
8:45 of 1st period - Wrist shot by Joshua Morrissey.
8:45 of 1st period - Stopped by Dustin Wolf without a rebound.
8:46 of 1st period - Jason Zucker wins face-off versus William Nylander in Winnipeg Jets zone.
9:29 of 1st period - Esa Lindell is hit by Ridly Greig and loses puck.
9:43 of 1st period - Minor Penalty to Connor Bedard for Slashing.
9:44 of 1st period - Taylor Hall wins face-off versus Mark Scheifele in Winnipeg Jets zone.
9:51 of 1st period - Off-side.
9:52 of 1st period - Mark Scheifele wins face-off versus Taylor Hall in neutral zone.
10:38 of 1st period - Wrist shot by John Tavares.
10:38 of 1st period - Shot Misses the Net.
11:43 of 1st period - Penalty to Connor Bedard is over, Connor Bedard is back on ice.
12:03 of 1st period - Off-side.
12:04 of 1st period - Parker Kelly wins face-off versus Sam Steel in neutral zone.
12:26 of 1st period - Icing by Esa Lindell.
12:27 of 1st period - Vladislav Namestnikov wins face-off versus Parker Kelly in Anaheim Ducks zone.
12:30 of 1st period - Wrist shot by Taylor Hall.
12:30 of 1st period - Deflect By Adam Lowry.
12:30 of 1st period - Shot Misses the Net.
12:30 of 1st period - Puck is out of play.
12:31 of 1st period - Mark Scheifele wins face-off versus Taylor Hall in Anaheim Ducks zone.
12:38 of 1st period - Snap shot by Adam Lowry.
12:38 of 1st period - Stopped by Linus Ullmark with a rebound.
12:40 of 1st period - Slapshot by Nate Schmidt.
12:40 of 1st period - Stopped by Linus Ullmark without a rebound.
12:41 of 1st period - Adam Lowry wins face-off versus Mark Scheifele in Anaheim Ducks zone.
13:43 of 1st period - Wrist shot by Mark Scheifele.
13:43 of 1st period - Stopped by Dustin Wolf without a rebound.
13:44 of 1st period - Taylor Hall wins face-off versus John Tavares in Winnipeg Jets zone.
13:53 of 1st period - Wrist shot by Taylor Hall.
13:53 of 1st period - Stopped by Linus Ullmark with a rebound.
13:55 of 1st period - Slapshot by Adam Lowry.
13:55 of 1st period - Shot Misses the Net.
13:57 of 1st period - Slapshot by Jonas Brodin.
13:57 of 1st period - Shot Misses the Net.
13:59 of 1st period - Slapshot by Dylan Samberg.
13:59 of 1st period - Shot Misses the Net.
14:18 of 1st period - Snap shot by Alexis Lafreniere.
14:18 of 1st period - Shot Misses the Net.
14:36 of 1st period - Snap shot by Luke Evangelista.
14:36 of 1st period - Deflect By Will Cuylle.
14:36 of 1st period - Shot Misses the Net.
14:36 of 1st period - Puck is out of play.
14:37 of 1st period - John Tavares wins face-off versus Adam Lowry in Winnipeg Jets zone.
15:04 of 1st period - Snap shot by Brayden Schenn.
15:04 of 1st period - Shot Misses the Net.
15:06 of 1st period - Slapshot by J.T. Compher.
15:06 of 1st period - Stopped by Dustin Wolf without a rebound.
15:07 of 1st period - Vladislav Namestnikov wins face-off versus J.T. Compher in Winnipeg Jets zone.
15:07 of 1st period - Vladislav Namestnikov is hit by Brayden Schenn.
15:24 of 1st period - Snap shot by Brayden Schenn.
15:24 of 1st period - Stopped by Dustin Wolf without a rebound.
15:25 of 1st period - John Tavares wins face-off versus Taylor Hall in Winnipeg Jets zone.
15:26 of 1st period - Wrist shot by Nazem Kadri.
15:26 of 1st period - Shot Blocked by Dylan Samberg.
16:01 of 1st period - Slapshot by Vladislav Namestnikov.
16:01 of 1st period - Stopped by Linus Ullmark without a rebound.
16:02 of 1st period - Brayden Schenn wins face-off versus Jason Zucker in Anaheim Ducks zone.
16:38 of 1st period - Wrist shot by Adam Lowry.
16:38 of 1st period - Deflect By Taylor Hall.
16:38 of 1st period - Shot Blocked by Morgan Rielly.
16:38 of 1st period - Puck is out of play.
16:39 of 1st period - Mark Scheifele wins face-off versus Taylor Hall in Anaheim Ducks zone.
17:11 of 1st period - Vladislav Namestnikov is hit by Nazem Kadri and loses puck.
17:36 of 1st period - Wrist shot by Ridly Greig.
17:36 of 1st period - Shot Blocked by Alex Killorn.
17:38 of 1st period - Snap shot by Ridly Greig.
17:38 of 1st period - Deflect By Jason Zucker.
17:38 of 1st period - Shot Misses the Net.
17:38 of 1st period - Puck is out of play.
17:39 of 1st period - Mark Scheifele wins face-off versus Alexander Kerfoot in Anaheim Ducks zone.
17:44 of 1st period - Chandler Stephenson is hit by Nate Schmidt and loses puck.
18:05 of 1st period - John Tavares is hit by Nate Schmidt and loses puck.
18:17 of 1st period - Wrist shot by Vladislav Namestnikov.
18:17 of 1st period - Shot Misses the Net.
18:56 of 1st period - J.T. Compher is hit by Jason Zucker and loses puck.
19:50 of 1st period - Wrist shot by Alex Killorn.
19:50 of 1st period - Shot Misses the Net.
19:52 of 1st period - Slapshot by Ivan Provorov.
19:52 of 1st period - Stopped by Dustin Wolf without a rebound.
19:53 of 1st period - J.T. Compher wins face-off versus Taylor Hall in Winnipeg Jets zone.
Goals for this period are 0 for Anaheim Ducks vs 0 for Winnipeg Jets.
Shots for this period are 8 for Anaheim Ducks vs 9 for Winnipeg Jets.
2nd period
0:01 of 2nd period - Mark Scheifele wins face-off versus Adam Lowry in neutral zone.
0:31 of 2nd period - Ivan Provorov is hit by Jason Zucker.
0:53 of 2nd period - Wrist shot by Alexis Lafreniere.
0:53 of 2nd period - Deflect By Nino Niederreiter.
0:53 of 2nd period - Stopped by Linus Ullmark with a rebound.
0:55 of 2nd period - Wrist shot by Nino Niederreiter.
0:55 of 2nd period - Shot Misses the Net.
0:57 of 2nd period - Slapshot by Dylan Samberg.
0:57 of 2nd period - Shot Blocked by Brenden Dillon.
0:59 of 2nd period - Slapshot by Dylan Samberg.
0:59 of 2nd period - Deflect By Sam Steel.
0:59 of 2nd period - Stopped by Linus Ullmark without a rebound.
1:00 of 2nd period - Mark Scheifele wins face-off versus Sam Steel in Anaheim Ducks zone.
1:27 of 2nd period - Haydn Fleury is hit by Brayden Schenn and loses puck.
2:13 of 2nd period - Off-side.
2:14 of 2nd period - Jason Zucker wins face-off versus Luke Evangelista in neutral zone.
3:27 of 2nd period - Slapshot by Will Cuylle.
3:27 of 2nd period - Stopped by Dustin Wolf without a rebound.
3:28 of 2nd period - Adam Lowry wins face-off versus Parker Kelly in Winnipeg Jets zone.
3:28 of 2nd period - Adam Lowry is hit by Parker Kelly.
3:38 of 2nd period - Slapshot by Adam Lowry.
3:38 of 2nd period - Stopped by Linus Ullmark with a rebound.
3:54 of 2nd period - Jonas Brodin is hit by Esa Lindell and loses puck.
3:59 of 2nd period - Wrist shot by Chandler Stephenson.
3:59 of 2nd period - Stopped by Dustin Wolf with a rebound.
4:01 of 2nd period - Slapshot by Brenden Dillon.
4:01 of 2nd period - Stopped by Dustin Wolf with a rebound.
6:05 of 2nd period - Wrist shot by Brayden Schenn.
6:05 of 2nd period - Shot Misses the Net.
6:07 of 2nd period - Snap shot by J.T. Compher.
6:07 of 2nd period - Goal by J.T. Compher - Anaheim Ducks : 1 - Winnipeg Jets : 0.
6:08 of 2nd period - Mason Marchment wins face-off versus Adam Lowry in neutral zone.
6:23 of 2nd period - Wrist shot by Mark Scheifele.
6:23 of 2nd period - Stopped by Dustin Wolf with a rebound.
6:25 of 2nd period - Slapshot by Ivan Provorov.
6:25 of 2nd period - Deflect By Taylor Hall.
6:25 of 2nd period - Stopped by Dustin Wolf with a rebound.
7:00 of 2nd period - Snap shot by Parker Kelly.
7:00 of 2nd period - Deflect By Will Cuylle.
7:00 of 2nd period - Shot Blocked by Alexander Kerfoot.
7:00 of 2nd period - Puck is out of play.
7:01 of 2nd period - Jason Zucker wins face-off versus Parker Kelly in Winnipeg Jets zone.
7:01 of 2nd period - Jason Zucker is hit by Parker Kelly.
7:18 of 2nd period - Wrist shot by Jason Zucker.
7:18 of 2nd period - Stopped by Linus Ullmark with a rebound.
7:28 of 2nd period - Slapshot by Alexis Lafreniere.
7:28 of 2nd period - Shot Misses the Net.
8:00 of 2nd period - Snap shot by Nazem Kadri.
8:00 of 2nd period - Stopped by Dustin Wolf with a rebound.
9:01 of 2nd period - Wrist shot by Sam Steel.
9:01 of 2nd period - Shot Misses the Net.
9:03 of 2nd period - Slapshot by Nate Schmidt.
9:03 of 2nd period - Shot Blocked by Philip Broberg.
9:05 of 2nd period - Snap shot by Nate Schmidt.
9:05 of 2nd period - Shot Blocked by Brenden Dillon.
9:07 of 2nd period - Wrist shot by Ridly Greig.
9:07 of 2nd period - Shot Blocked by Mason Marchment.
9:11 of 2nd period - Wrist shot by Jason Zucker.
9:11 of 2nd period - Goal by Jason Zucker - Anaheim Ducks : 1 - Winnipeg Jets : 1.
9:12 of 2nd period - Vladislav Namestnikov wins face-off versus John Tavares in neutral zone.
9:25 of 2nd period - Wrist shot by Alexis Lafreniere.
9:25 of 2nd period - Shot Misses the Net.
9:27 of 2nd period - Snap shot by Joel Armia.
9:27 of 2nd period - Stopped by Linus Ullmark with a rebound.
9:37 of 2nd period - Chandler Stephenson is hit by Ridly Greig and loses puck.
10:23 of 2nd period - Brenden Dillon is hit by Sam Steel.
10:31 of 2nd period - Nino Niederreiter is hit by Will Cuylle and loses puck.
10:48 of 2nd period - Ridly Greig is hit by William Nylander and loses puck.
11:27 of 2nd period - Icing by Sean Durzi.
11:28 of 2nd period - J.T. Compher wins face-off versus Joel Armia in Winnipeg Jets zone.
11:43 of 2nd period - Wrist shot by Alexis Lafreniere.
11:43 of 2nd period - Stopped by Linus Ullmark without a rebound.
11:44 of 2nd period - Connor Bedard wins face-off versus John Tavares in Anaheim Ducks zone.
11:47 of 2nd period - Snap shot by Ridly Greig.
11:47 of 2nd period - Stopped by Linus Ullmark with a rebound.
11:49 of 2nd period - Wrist shot by Jason Zucker.
11:49 of 2nd period - Stopped by Linus Ullmark with a rebound.
11:51 of 2nd period - Slapshot by Dylan Samberg.
11:51 of 2nd period - Shot Misses the Net.
11:53 of 2nd period - Snap shot by Dylan Samberg.
11:53 of 2nd period - Stopped by Linus Ullmark without a rebound.
11:54 of 2nd period - Jason Zucker wins face-off versus John Tavares in Anaheim Ducks zone.
11:55 of 2nd period - Snap shot by Connor Bedard.
11:55 of 2nd period - Stopped by Linus Ullmark with a rebound.
11:57 of 2nd period - Slapshot by Connor Bedard.
11:57 of 2nd period - Shot Blocked by William Nylander.
11:59 of 2nd period - Wrist shot by Connor Bedard.
11:59 of 2nd period - Deflect By Jason Zucker.
11:59 of 2nd period - Shot Misses the Net.
11:59 of 2nd period - Puck is out of play.
12:00 of 2nd period - John Tavares wins face-off versus Adam Lowry in Anaheim Ducks zone.
12:00 of 2nd period - John Tavares is hit by Adam Lowry.
12:26 of 2nd period - Joshua Morrissey is hit by Jonas Brodin and loses puck.
12:35 of 2nd period - Backhand shot by Chandler Stephenson.
12:35 of 2nd period - Deflect By Mark Scheifele.
12:35 of 2nd period - Stopped by Dustin Wolf without a rebound.
12:36 of 2nd period - Mark Scheifele wins face-off versus Jason Zucker in Winnipeg Jets zone.
12:45 of 2nd period - Snap shot by Jason Zucker.
12:45 of 2nd period - Shot Misses the Net.
13:03 of 2nd period - William Nylander is hit by Haydn Fleury and loses puck.
13:14 of 2nd period - Wrist shot by John Tavares.
13:14 of 2nd period - Shot Misses the Net.
13:32 of 2nd period - Backhand shot by Alex Killorn.
13:32 of 2nd period - Stopped by Dustin Wolf without a rebound.
13:33 of 2nd period - Mark Scheifele wins face-off versus Jason Zucker in Winnipeg Jets zone.
14:11 of 2nd period - Minor Penalty to William Nylander for Tripping.
14:12 of 2nd period - Chandler Stephenson wins face-off versus Jason Zucker in Anaheim Ducks zone.
14:17 of 2nd period - Icing by Ridly Greig.
14:18 of 2nd period - Chandler Stephenson wins face-off versus Jason Zucker in Winnipeg Jets zone.
14:23 of 2nd period - Snap shot by Chandler Stephenson.
14:23 of 2nd period - Stopped by Dustin Wolf with a rebound.
14:25 of 2nd period - Wrist shot by J.T. Compher.
14:25 of 2nd period - Shot Blocked by Connor Bedard.
14:29 of 2nd period - Slapshot by Chandler Stephenson.
14:29 of 2nd period - Deflect By Jason Zucker.
14:29 of 2nd period - Goal by Chandler Stephenson - Anaheim Ducks : 2 - Winnipeg Jets : 1.
14:30 of 2nd period - Chandler Stephenson wins face-off versus Adam Lowry in neutral zone.
15:06 of 2nd period - Wrist shot by Jason Zucker.
15:06 of 2nd period - Shot Misses the Net.
15:36 of 2nd period - Ivan Provorov is hit by Alexander Kerfoot and loses puck.
16:11 of 2nd period - Penalty to William Nylander is over, William Nylander is back on ice.
17:13 of 2nd period - Snap shot by Ridly Greig.
17:13 of 2nd period - Goal by Ridly Greig - Anaheim Ducks : 2 - Winnipeg Jets : 2.
17:14 of 2nd period - Adam Lowry wins face-off versus Mark Scheifele in neutral zone.
17:23 of 2nd period - Wrist shot by Adam Lowry.
17:23 of 2nd period - Stopped by Linus Ullmark with a rebound.
17:46 of 2nd period - Wrist shot by Vladislav Namestnikov.
17:46 of 2nd period - Stopped by Linus Ullmark with a rebound.
17:48 of 2nd period - Wrist shot by Vladislav Namestnikov.
17:48 of 2nd period - Shot Misses the Net.
17:50 of 2nd period - Slapshot by Haydn Fleury.
17:50 of 2nd period - Deflect By Vladislav Namestnikov.
17:50 of 2nd period - Shot Misses the Net.
17:50 of 2nd period - Puck is out of play.
17:51 of 2nd period - Mark Scheifele wins face-off versus Vladislav Namestnikov in Anaheim Ducks zone.
17:58 of 2nd period - Slapshot by Joshua Morrissey.
17:58 of 2nd period - Shot Misses the Net.
18:55 of 2nd period - Chandler Stephenson is hit by Alexis Lafreniere and loses puck.
19:16 of 2nd period - Wrist shot by William Nylander.
19:16 of 2nd period - Deflect By John Tavares.
19:16 of 2nd period - Stopped by Dustin Wolf without a rebound.
19:17 of 2nd period - Alex Killorn wins face-off versus Adam Lowry in Winnipeg Jets zone.
19:18 of 2nd period - Wrist shot by Brayden Schenn.
19:18 of 2nd period - Shot Misses the Net.
19:26 of 2nd period - Snap shot by Taylor Hall.
19:26 of 2nd period - Deflect By Alex Killorn.
19:26 of 2nd period - Shot Blocked by Alex Killorn.
19:26 of 2nd period - Puck is out of play.
19:27 of 2nd period - J.T. Compher wins face-off versus Adam Lowry in Anaheim Ducks zone.
19:33 of 2nd period - Off-side.
19:34 of 2nd period - Vladislav Namestnikov wins face-off versus Mark Scheifele in neutral zone.
Goals for this period are 2 for Anaheim Ducks vs 2 for Winnipeg Jets.
Shots for this period are 12 for Anaheim Ducks vs 14 for Winnipeg Jets.
3rd period
0:01 of 3rd period - Mark Scheifele wins face-off versus Adam Lowry in neutral zone.
0:06 of 3rd period - Wrist shot by Chandler Stephenson.
0:06 of 3rd period - Stopped by Dustin Wolf with a rebound.
0:14 of 3rd period - Wrist shot by Alexander Kerfoot.
0:14 of 3rd period - Shot Blocked by Mason Marchment.
0:16 of 3rd period - Snap shot by Adam Lowry.
0:16 of 3rd period - Shot Misses the Net.
0:22 of 3rd period - Minor Penalty to Mason Marchment for Tripping.
0:23 of 3rd period - Chandler Stephenson wins face-off versus Adam Lowry in Anaheim Ducks zone.
2:22 of 3rd period - Penalty to Mason Marchment is over, Mason Marchment is back on ice.
2:25 of 3rd period - Slapshot by Ivan Provorov.
2:25 of 3rd period - Shot Blocked by Nate Schmidt.
2:33 of 3rd period - Ivan Provorov is hit by Alexis Lafreniere and loses puck.
2:48 of 3rd period - Wrist shot by Esa Lindell.
2:48 of 3rd period - Stopped by Dustin Wolf with a rebound.
3:00 of 3rd period - Wrist shot by Matvei Michkov.
3:00 of 3rd period - Shot Misses the Net.
3:02 of 3rd period - Snap shot by Matvei Michkov.
3:02 of 3rd period - Stopped by Linus Ullmark with a rebound.
3:23 of 3rd period - Jonas Brodin is hit by Parker Kelly and loses puck.
3:32 of 3rd period - Wrist shot by Luke Evangelista.
3:32 of 3rd period - Stopped by Dustin Wolf without a rebound.
3:33 of 3rd period - Jason Zucker wins face-off versus J.T. Compher in Winnipeg Jets zone.
3:33 of 3rd period - Jason Zucker is hit by Alex Killorn.
4:03 of 3rd period - Sean Durzi is hit by Nazem Kadri and loses puck.
4:13 of 3rd period - Minor Penalty to Taylor Hall for Roughing.
4:14 of 3rd period - John Tavares wins face-off versus Adam Lowry in Winnipeg Jets zone.
4:40 of 3rd period - Haydn Fleury is hit by Brayden Schenn and loses puck.
4:45 of 3rd period - Snap shot by Mason Marchment.
4:45 of 3rd period - Stopped by Dustin Wolf with a rebound.
6:13 of 3rd period - Penalty to Taylor Hall is over, Taylor Hall is back on ice.
7:31 of 3rd period - Parker Kelly is hit by Alexander Kerfoot and loses puck.
7:50 of 3rd period - Sean Durzi is hit by John Tavares and loses puck.
8:32 of 3rd period - Wrist shot by Ridly Greig.
8:32 of 3rd period - Shot Misses the Net.
8:34 of 3rd period - Snap shot by Alexander Kerfoot.
8:34 of 3rd period - Stopped by Linus Ullmark with a rebound.
8:36 of 3rd period - Wrist shot by Taylor Hall.
8:36 of 3rd period - Shot Misses the Net.
8:56 of 3rd period - Snap shot by Alexis Lafreniere.
8:56 of 3rd period - Stopped by Linus Ullmark without a rebound.
8:57 of 3rd period - Jason Zucker wins face-off versus John Tavares in Anaheim Ducks zone.
9:16 of 3rd period - Ridly Greig is hit by John Tavares and loses puck.
9:21 of 3rd period - Wrist shot by John Tavares.
9:21 of 3rd period - Shot Misses the Net.
9:23 of 3rd period - Slapshot by John Tavares.
9:23 of 3rd period - Shot Misses the Net.
9:25 of 3rd period - Wrist shot by John Tavares.
9:25 of 3rd period - Shot Hit the Post.
9:27 of 3rd period - Snap shot by William Nylander.
9:27 of 3rd period - Shot Misses the Net.
9:29 of 3rd period - Wrist shot by Morgan Rielly.
9:29 of 3rd period - Shot Misses the Net.
9:31 of 3rd period - Wrist shot by Esa Lindell.
9:31 of 3rd period - Stopped by Dustin Wolf with a rebound.
9:33 of 3rd period - Snap shot by John Tavares.
9:33 of 3rd period - Stopped by Dustin Wolf without a rebound.
9:34 of 3rd period - Mark Scheifele wins face-off versus Adam Lowry in Winnipeg Jets zone.
10:26 of 3rd period - Wrist shot by Matvei Michkov.
10:26 of 3rd period - Shot Hit the Post.
10:34 of 3rd period - Minor Penalty to Luke Evangelista for Roughing.
10:35 of 3rd period - Chandler Stephenson wins face-off versus Jason Zucker in Anaheim Ducks zone.
10:35 of 3rd period - Chandler Stephenson is hit by Dylan Samberg.
10:45 of 3rd period - J.T. Compher is hit by Jonas Brodin and loses puck.
10:50 of 3rd period - Wrist shot by Jason Zucker.
10:50 of 3rd period - Shot Misses the Net.
10:52 of 3rd period - Wrist shot by Connor Bedard.
10:52 of 3rd period - Shot Blocked by Brenden Dillon.
11:05 of 3rd period - Icing by Dylan Samberg.
11:06 of 3rd period - Alexander Kerfoot wins face-off versus Brayden Schenn in Winnipeg Jets zone.
11:39 of 3rd period - Off-side.
11:40 of 3rd period - Chandler Stephenson wins face-off versus Jason Zucker in neutral zone.
11:51 of 3rd period - Slapshot by Dylan Samberg.
11:51 of 3rd period - Shot Blocked by Brenden Dillon.
11:53 of 3rd period - Slapshot by Connor Bedard.
11:53 of 3rd period - Shot Misses the Net.
11:55 of 3rd period - Snap shot by Connor Bedard.
11:55 of 3rd period - Shot Misses the Net.
11:57 of 3rd period - Slapshot by Jonas Brodin.
11:57 of 3rd period - Deflect By Chandler Stephenson.
11:57 of 3rd period - Stopped by Linus Ullmark with a rebound.
12:07 of 3rd period - Taylor Hall is hit by Brenden Dillon and loses puck.
12:34 of 3rd period - Penalty to Luke Evangelista is over, Luke Evangelista is back on ice.
12:55 of 3rd period - Slapshot by Joel Armia.
12:55 of 3rd period - Shot Blocked by John Tavares.
13:05 of 3rd period - Snap shot by Nazem Kadri.
13:05 of 3rd period - Stopped by Dustin Wolf without a rebound.
13:06 of 3rd period - Sam Steel wins face-off versus Parker Kelly in Winnipeg Jets zone.
13:31 of 3rd period - Sean Durzi is hit by Philip Broberg and loses puck.
13:40 of 3rd period - Slapshot by Alexander Kerfoot.
13:40 of 3rd period - Stopped by Linus Ullmark without a rebound.
13:41 of 3rd period - Mark Scheifele wins face-off versus Jason Zucker in Anaheim Ducks zone.
13:41 of 3rd period - Mark Scheifele is hit by Jonas Brodin.
13:49 of 3rd period - Slapshot by Morgan Rielly.
13:49 of 3rd period - Shot Blocked by Dylan Samberg.
13:53 of 3rd period - Snap shot by Mason Marchment.
13:53 of 3rd period - Stopped by Dustin Wolf without a rebound.
13:54 of 3rd period - Adam Lowry wins face-off versus Mark Scheifele in Winnipeg Jets zone.
14:20 of 3rd period - Mark Scheifele is hit by Alexis Lafreniere and loses puck.
14:44 of 3rd period - Slapshot by Sam Steel.
14:44 of 3rd period - Deflect By Mark Scheifele.
14:44 of 3rd period - Stopped by Linus Ullmark without a rebound.
14:45 of 3rd period - Sam Steel wins face-off versus John Tavares in Anaheim Ducks zone.
14:48 of 3rd period - Snap shot by Matvei Michkov.
14:48 of 3rd period - Shot Misses the Net.
14:50 of 3rd period - Slapshot by Nate Schmidt.
14:50 of 3rd period - Deflect By Nazem Kadri.
14:50 of 3rd period - Stopped by Linus Ullmark without a rebound.
14:51 of 3rd period - John Tavares wins face-off versus Jason Zucker in Anaheim Ducks zone.
16:06 of 3rd period - Slapshot by Taylor Hall.
16:06 of 3rd period - Shot Blocked by Brenden Dillon.
16:08 of 3rd period - Wrist shot by Adam Lowry.
16:08 of 3rd period - Stopped by Linus Ullmark with a rebound.
16:10 of 3rd period - Wrist shot by Adam Lowry.
16:10 of 3rd period - Shot Blocked by Philip Broberg.
16:12 of 3rd period - Slapshot by Michael Kesselring.
16:12 of 3rd period - Shot Blocked by Brenden Dillon.
16:14 of 3rd period - Wrist shot by Adam Lowry.
16:14 of 3rd period - Shot Blocked by Philip Broberg.
16:16 of 3rd period - Wrist shot by Alexander Kerfoot.
16:16 of 3rd period - Stopped by Linus Ullmark without a rebound.
16:17 of 3rd period - Vladislav Namestnikov wins face-off versus J.T. Compher in Anaheim Ducks zone.
16:18 of 3rd period - Slapshot by Alexis Lafreniere.
16:18 of 3rd period - Shot Blocked by Alex Killorn.
16:20 of 3rd period - Slapshot by Nate Schmidt.
16:20 of 3rd period - Deflect By Joel Armia.
16:20 of 3rd period - Shot Misses the Net.
16:20 of 3rd period - Puck is out of play.
16:21 of 3rd period - J.T. Compher wins face-off versus Vladislav Namestnikov in Anaheim Ducks zone.
17:06 of 3rd period - Nate Schmidt is hit by Joshua Morrissey.
17:44 of 3rd period - Jonas Brodin is hit by Brenden Dillon.
18:09 of 3rd period - Adam Lowry is hit by Nazem Kadri and loses puck.
18:29 of 3rd period - Brenden Dillon is hit by Michael Kesselring and loses puck.
18:44 of 3rd period - Backhand shot by Taylor Hall.
18:44 of 3rd period - Shot Misses the Net.
19:00 of 3rd period - Slapshot by William Nylander.
19:00 of 3rd period - Shot Misses the Net.
19:02 of 3rd period - Snap shot by Nazem Kadri.
19:02 of 3rd period - Stopped by Dustin Wolf with a rebound.
19:04 of 3rd period - Slapshot by Philip Broberg.
19:04 of 3rd period - Shot Misses the Net.
19:06 of 3rd period - Slapshot by Nazem Kadri.
19:06 of 3rd period - Stopped by Dustin Wolf without a rebound.
19:07 of 3rd period - J.T. Compher wins face-off versus Vladislav Namestnikov in Winnipeg Jets zone.
19:08 of 3rd period - Backhand shot by Alex Killorn.
19:08 of 3rd period - Stopped by Dustin Wolf with a rebound.
19:10 of 3rd period - Slapshot by Alex Killorn.
19:10 of 3rd period - Shot Blocked by Haydn Fleury.
19:12 of 3rd period - Snap shot by Morgan Rielly.
19:12 of 3rd period - Stopped by Dustin Wolf with a rebound.
19:14 of 3rd period - Snap shot by Brayden Schenn.
19:14 of 3rd period - Stopped by Dustin Wolf with a rebound.
19:16 of 3rd period - Slapshot by Morgan Rielly.
19:16 of 3rd period - Stopped by Dustin Wolf with a rebound.
Goals for this period are 0 for Anaheim Ducks vs 0 for Winnipeg Jets.
Shots for this period are 14 for Anaheim Ducks vs 9 for Winnipeg Jets.
Overtime #1
0:01 of 1st overtime period - John Tavares wins face-off versus Matvei Michkov in neutral zone.
0:04 of 1st overtime period - Jonas Brodin is hit by William Nylander and loses puck.
0:09 of 1st overtime period - Backhand shot by William Nylander.
0:09 of 1st overtime period - Stopped by Dustin Wolf without a rebound.
0:10 of 1st overtime period - John Tavares wins face-off versus Matvei Michkov in Winnipeg Jets zone.
0:55 of 1st overtime period - Snap shot by John Tavares.
0:55 of 1st overtime period - Stopped by Dustin Wolf without a rebound.
0:56 of 1st overtime period - Mark Scheifele wins face-off versus Adam Lowry in Winnipeg Jets zone.
2:19 of 1st overtime period - Slapshot by Morgan Rielly.
2:19 of 1st overtime period - Shot Blocked by Dylan Samberg.
2:21 of 1st overtime period - Slapshot by Esa Lindell.
2:21 of 1st overtime period - Deflect By J.T. Compher.
2:21 of 1st overtime period - Shot Misses the Net.
2:21 of 1st overtime period - Puck is out of play.
2:22 of 1st overtime period - Brayden Schenn wins face-off versus Alexis Lafreniere in Winnipeg Jets zone.
2:31 of 1st overtime period - Slapshot by Jonas Brodin.
2:31 of 1st overtime period - Stopped by Linus Ullmark with a rebound.
3:02 of 1st overtime period - Dylan Samberg is hit by William Nylander and loses puck.
4:02 of 1st overtime period - Icing by John Tavares.
4:03 of 1st overtime period - Adam Lowry wins face-off versus John Tavares in Anaheim Ducks zone.
4:23 of 1st overtime period - Icing by John Tavares.
4:24 of 1st overtime period - Matvei Michkov wins face-off versus John Tavares in Anaheim Ducks zone.
4:39 of 1st overtime period - Haydn Fleury is hit by Mark Scheifele and loses puck.
4:44 of 1st overtime period - Snap shot by Nazem Kadri.
4:44 of 1st overtime period - Stopped by Dustin Wolf without a rebound.
4:45 of 1st overtime period - Mark Scheifele wins face-off versus Adam Lowry in Winnipeg Jets zone.
4:59 of 1st overtime period - Snap shot by Nazem Kadri.
4:59 of 1st overtime period - Stopped by Dustin Wolf with a rebound.
Goals for this period are 0 for Anaheim Ducks vs 0 for Winnipeg Jets.
Shots for this period are 4 for Anaheim Ducks vs 1 for Winnipeg Jets.
ShootOut
5:00 of 1st overtime period - Round #1.
5:00 of 1st overtime period - Anaheim Ducks, Chandler Stephenson.
5:00 of 1st overtime period - Wrist shot by Chandler Stephenson.
5:00 of 1st overtime period - Goal by Chandler Stephenson.
5:00 of 1st overtime period - Winnipeg Jets, Joel Armia.
5:00 of 1st overtime period - Backhand shot by Joel Armia.
5:00 of 1st overtime period - Stopped by Linus Ullmark.
5:00 of 1st overtime period - Round #2.
5:00 of 1st overtime period - Anaheim Ducks, Mark Scheifele.
5:00 of 1st overtime period - Wrist shot by Mark Scheifele.
5:00 of 1st overtime period - Goal by Mark Scheifele.
5:00 of 1st overtime period - Winnipeg Jets, Connor Bedard.
5:00 of 1st overtime period - Snap shot by Connor Bedard.
5:00 of 1st overtime period - Goal by Connor Bedard.
5:00 of 1st overtime period - Round #3.
5:00 of 1st overtime period - Anaheim Ducks, Brayden Schenn.
5:00 of 1st overtime period - Wrist shot by Brayden Schenn.
5:00 of 1st overtime period - Shot Misses the Net.
5:00 of 1st overtime period - Winnipeg Jets, Adam Lowry.
5:00 of 1st overtime period - Snap shot by Adam Lowry.
5:00 of 1st overtime period - Stopped by Linus Ullmark.
Back to the Top